 Dungeon Crawl Stone Soup version 0.26.0-10-g1f06aea511 (webtiles) character file.

Game seed: 12804132906036773375

6665 vatarom the Spear-Bearer (level 10, -1/72 HPs)
             Began as a Demonspawn Gladiator on Jan 18, 2021.
             Was an Elder of Hepliaklqana.
             Slain by a phantasmal warrior (23 damage)
             ... led by a death knight
             ... on level 9 of the Dungeon.
             The game lasted 00:15:09 (9889 turns).

vatarom the Spear-Bearer (Demonspawn Gladiator)     Turns: 9889, Time: 00:15:09

Health: -1/72      AC: 12    Str: 16    XL:     10   Next: 73%
Magic:  10/10      EV: 12    Int:  9    God:    Hepliaklqana [****..]
Gold:   644        SH:  5    Dex: 23    Spells: 9/9 levels left

rFire    . . .     SeeInvis .   E - +0 glaive
rCold    . . .     Faith    .   (shield currently unavailable)
rNeg     . . .     Spirit   .   N - +0 ring mail (curse)
rPois    .         Reflect  +   (helmet restricted)
rElec    .         Harm     .   (no cloak)
rCorr    .         Rampage  .   (no gloves)
Will     .....                  (no boots)
Stlth    +.........             A - amulet of reflection
HPRegen  0.22/turn              p - +4 ring of protection
MPRegen  0.12/turn              K - +6 ring of dexterity

@: weak-willed
A: reduced essence, antennae 2, molten scales 1, powered by death 1, spiny 3
a: Renounce Religion, Recall Ancestor, Ancestor Identity, Transference, Idealise


You were on level 9 of the Dungeon.
You worshipped Hepliaklqana.
Hepliaklqana was greatly pleased with you.
You visited 2 branches of the dungeon, and saw 10 of its levels.

You collected 644 gold pieces.

Inventory:

Hand Weapons
 E - a +0 glaive (weapon)
Missiles
 l - 57 poisoned darts (quivered)
 n - 5 javelins
Armour
 b - a +0 leather armour
 c - a +0 helmet
 J - a +0 cloak
 N - a cursed +0 ring mail (worn)
Jewellery
 f - an uncursed ring of fire
 k - an uncursed ring of willpower
 m - a +6 ring of strength
 p - a +4 ring of protection (left hand)
 r - an uncursed ring of stealth
 v - a +4 ring of evasion
 A - an amulet of reflection (around neck)
 F - an uncursed ring of flight
 K - a +6 ring of dexterity (right hand)
Wands
 a - a wand of digging (5) {@v1}
 w - a wand of flame (36)
 G - a wand of acid (10) {@v2}
 I - a wand of paralysis (7)
 M - a wand of polymorph (18)
Scrolls
 e - 13 scrolls of identify {@r1}
 g - 3 scrolls of amnesia
 h - 4 scrolls of enchant weapon
 q - a scroll of blinking {unknown}
 B - a scroll of remove curse {@r2}
 C - a scroll of holy word {unknown}
 H - a scroll of summoning {unknown}
 L - a scroll of magic mapping {unknown}
 O - 2 scrolls of enchant armour {unknown}
Potions
 i - 2 potions of might {unknown}
 o - a potion of heal wounds {unknown}
 s - 2 potions of degeneration {unknown}
 t - a potion of berserk rage {unknown}
 u - a potion of magic
 x - 2 potions of brilliance {unknown}
 z - a potion of cancellation {unknown}
 D - a potion of flight {unknown}


   Skills:
 + Level 8.2 Fighting
 * Level 10.7 Polearms
 - Level 5.5 Throwing
 * Level 6.0 Armour
 - Level 2.6 Dodging


You had 9 spell levels left.
You didn't know any spells.
Your spell library was empty.

Dungeon Overview and Level Annotations

Branches:
Dungeon (9/15)             Temple (1/1) D:6
   Lair: D:8-11         Orc: D:9-12

Altars:
Ashenzari
Cheibriados
Dithmenos
Elyvilon
Fedhas
Gozag
Hepliaklqana
Kikubaaqudgha
Makhleb
Nemelex Xobeh
Okawaru
Qazlal
Ru
Sif Muna
Trog
Uskayaw
Vehumet
Xom
Yredelemnul
Zin
The Shining One

Annotations:
D:9 exclusion: 2 oklob plants, Erolcha


Innate Abilities, Weirdness & Mutations

You have a pair of antennae on your head.
You are partially covered in molten scales. (AC +2)
You regenerate a little health from kills.
You are completely covered in sharp spines.
Your life essence is reduced to manifest your ancestor. (-10% HP)


Message History

Found a stone staircase leading up.
You swap places.
The phantasmal warrior blinks!
Okay, then.
The phantasmal warrior blinks!
The phantasmal warrior blinks!
The phantasmal warrior closely misses you.
The phantasmal warrior completely misses you.
The death knight offers itself to Yredelemnul, and fills with unholy energy.
The phantasmal warrior is struck by your spines.
The phantasmal warrior hits you!!
Your willpower is stripped away!
Huemac hits the phantasmal warrior with a +0 flail.
The phantasmal warrior blinks!
The phantasmal warrior blinks!
The phantasmal warrior misses you.
You slash the phantasmal warrior!
The phantasmal warrior is heavily damaged.
You block the phantasmal warrior's attack.
The death knight invokes the aid of Yredelemnul against you.
Your body is wracked with pain!
The phantasmal warrior hits you!!
You die...

#..............###..####..#
#######..............# ##.# #..#
.....................####.####..#
................................#
.........................#......#
.?.................####..#..##..#
...................###..###..#..#
...........p.......##..##.##....#
...........Wz...@..#..##...'#...#
..........?....R.W...##..8..##..#
§..............††...##..8.8..##..
......../.........###..8._.8..###
...........######...##..8.8..##..
...........# ###..##..8..##..#
##.........# #######..##...##....
#.....................##.##....#
##................†....###.....#


You could see the friendly Huemac the knight, a death knight (reflects damage),
a skeletal warrior, a phantasmal warrior and a wraith.

Vanquished Creatures
  A two-headed ogre (D:8)
  A kobold demonologist (D:8)
  A slime creature (D:9)
  Menkaure (D:7)
  Duvessa (D:4)
  A sky beast (D:7)
  3 ogres
  A centaur (D:7)
  7 big kobolds (D:8)
  6 bullfrogs
  Blork the orc (D:4)
  2 scorpions
  3 killer bees (D:8)
  A jelly (D:8)
  4 hounds
  2 centaur zombies
  4 orc priests
  2 centaur skeletons
  5 orc wizards
  Natasha (thrice) (D:3)
  5 worker ants
  A worker ant zombie (D:8)
  4 gnolls
  5 adders
  A shadow imp (D:8)
  An ooze (D:3)
  An ufetubus (D:7)
  A worm (D:2)
  3 dart slugs
  5 leopard geckos
  18 orcs
  2 ball pythons
  5 bats
  2 giant cockroaches
  6 goblins
  10 hobgoblins
  10 jackals
  9 kobolds
  3 quokkas
  3 frilled lizards
  A jackal skeleton (D:4)
  A rat (D:2)
147 creatures vanquished.

Vanquished Creatures (collateral kills)
  Pikel (D:7)
  Joseph (D:8)
  A troll (D:9)
  A slime creature (D:9)
  A wyvern (D:8)
  2 orc warriors
  3 ogres
  A centaur (D:9)
  3 big kobolds (D:8)
  2 bullfrogs
  Dowan (D:4)
  A scorpion (D:9)
  2 killer bees (D:8)
  A howler monkey (D:8)
  A jelly (D:8)
  A bullfrog zombie (D:6)
  A hound (D:6)
  3 orc priests
  A worker ant (D:8)
  A hound zombie (D:6)
  A worker ant zombie (D:6)
  5 adders
  3 gnolls (D:6)
  An ufetubus (D:7)
  An adder skeleton (D:6)
  A leopard gecko (D:6)
  18 orcs
  A hobgoblin (D:3)
  4 jackals
  2 bats
  3 kobolds (D:8)
  A rat (D:3)
70 creatures vanquished.

Vanquished Creatures (others)
  An orc wizard (D:5)
  2 knights
  3 ancestors
  33 plants (D:3)
39 creatures vanquished.

Grand Total: 256 creatures vanquished

Notes
Turn   | Place    | Note
-------+----------+-------------------------------------------
     0 | D:1      | vatarom the Demonspawn Gladiator began the quest for the
                  | Orb.
     0 | D:1      | Reached XP level 1. HP: 16/16 MP: 1/1
    90 | D:1      | Reached skill level 3 in Polearms
   248 | D:1      | Gained mutation: You are partially covered in molten
                  | scales. (AC +2) [demonic ancestry]
   248 | D:1      | Reached XP level 2. HP: 22/22 MP: 2/2
   896 | D:2      | Reached XP level 3. HP: 28/28 MP: 3/3
  1216 | D:2      | Found a hazy altar of Hepliaklqana.
  1296 | D:2      | Became a worshipper of Hepliaklqana the Forgotten
  1508 | D:2      | Found a broken altar of Ashenzari.
  1521 | D:2      | Found an opulent altar of Gozag.
  1699 | D:2      | Found an ancient bone altar of Kikubaaqudgha.
  1756 | D:3      | Found a shimmering altar of Xom.
  1783 | D:3      | Reached skill level 4 in Polearms
  1952 | D:3      | Reached XP level 4. HP: 28/30 MP: 4/4
  2385 | D:3      | Gained mutation: You have a pair of small antennae on your
                  | head. [demonic ancestry]
  2385 | D:3      | Reached XP level 5. HP: 27/36 MP: 5/5
  2536 | D:3      | Reached * piety under Hepliaklqana
  2636 | D:3      | Noticed Natasha
  2647 | D:3      | Killed Natasha
  2829 | D:3      | Noticed Natasha
  2833 | D:3      | Killed Natasha
  2866 | D:3      | Found a shimmering altar of Xom.
  2885 | D:3      | Noticed Natasha
  2891 | D:3      | Killed Natasha
  3269 | D:4      | Noticed Blork the orc
  3279 | D:4      | Killed Blork the orc
  3280 | D:4      | Reached skill level 5 in Polearms
  3280 | D:4      | Gained mutation: You regenerate a little health from kills.
                  | [demonic ancestry]
  3280 | D:4      | Reached XP level 6. HP: 35/43 MP: 6/6
  3410 | D:4      | Noticed Duvessa
  3413 | D:4      | Noticed Dowan
  3431 | D:4      | Killed Duvessa
  3438 | D:4      | Killed Dowan
  3791 | D:4      | Gained mutation: You have a pair of antennae on your head.
                  | [demonic ancestry]
  3791 | D:4      | Reached XP level 7. HP: 49/49 MP: 5/7
  3932 | D:4      | Reached skill level 6 in Polearms
  4158 | D:5      | Entered Level 5 of the Dungeon
  4228 | D:5      | Reached ** piety under Hepliaklqana
  4235 | D:5      | Remembered your ancestor Huemac as a knight
  4371 | D:5      | Found a shadowy altar of Dithmenos.
  4543 | D:5      | Found a glowing silver altar of Zin.
  5285 | D:6      | Found a staircase to the Ecumenical Temple.
  5308 | Temple   | Entered the Ecumenical Temple
  5493 | D:6      | Reached skill level 5 in Fighting
  5679 | D:6      | Gained mutation: You are partially covered in sharp spines.
                  | [demonic ancestry]
  5679 | D:6      | Reached XP level 8. HP: 23/55 MP: 8/8
  5859 | D:6      | Reached skill level 7 in Polearms
  6715 | D:7      | Found a basalt altar of Yredelemnul.
  6740 | D:7      | Reached *** piety under Hepliaklqana
  6869 | D:7      | Reached skill level 8 in Polearms
  7041 | D:7      | Noticed Menkaure
  7047 | D:7      | Killed Menkaure
  7048 | D:7      | Reached skill level 5 in Throwing
  7143 | D:7      | Gained mutation: You are mostly covered in sharp spines.
                  | [demonic ancestry]
  7143 | D:7      | Reached XP level 9. HP: 62/62 MP: 9/9
  7371 | D:7      | Noticed Pikel
  7377 | D:7      | Killed Pikel
  7397 | D:7      | Found a bloodstained altar of Trog.
  7766 | D:8      | Reached skill level 1 in Armour
  7767 | D:8      | Reached skill level 9 in Polearms
  7833 | D:8      | Noticed Joseph
  7850 | D:8      | Killed Joseph
  8229 | D:8      | Noticed a two-headed ogre
  8379 | D:8      | Killed a two-headed ogre
  8380 | D:8      | Gained mutation: You are completely covered in sharp
                  | spines. [demonic ancestry]
  8380 | D:8      | Reached XP level 10. HP: 53/71 MP: 10/10
  8663 | D:8      | Reached skill level 10 in Polearms
  8709 | D:8      | Reached skill level 5 in Armour
  8907 | D:8      | Found a snail-covered altar of Cheibriados.
  8907 | D:8      | Found a sparkling altar of Nemelex Xobeh.
  8908 | D:8      | Found a sacrificial altar of Ru.
  9305 | D:9      | Reached **** piety under Hepliaklqana
  9409 | D:9      | Noticed Erolcha
  9696 | D:9      | Found a glowing golden altar of the Shining One.
  9733 | D:9      | Noticed an oklob plant
  9774 | D:9      | Noticed an oklob plant
  9877 | D:9      | Noticed a death knight
  9877 | D:9      | Noticed a skeletal warrior
  9878 | D:9      | Noticed a phantasmal warrior
  9889 | D:9      | Slain by a phantasmal warrior

Illustrated notes

Levels and vault maps discovered:
D:1:      minmay_arrival_solitary_statue, layout_loops_cross
D:2:      layout_loops_ring, lemuel_zombie_altar_kikubaaqudgha,
          marbit_many_paths, amethyst_overflow_temple_binary
D:3:      layout_loops_ring, serial_bayou, serial_bayou_lagoon_b,
          serial_bayou_pond_d, serial_bayou_shore_a, serial_bayou_pond_a,
          xom_teletrap_fun, uniq_natasha
D:4:      layout_basic, kennysheep_opposing_triangles, uniq_duvessa,
          uniq_blork_the_orc
D:5:      layout_cave_pods, nicolae_dithmenos_through_a_glass_darkly,
          kennysheep_mini, minmay_misc_feat_chi
D:6:      layout_basic, temple_fountains, grunt_decor_arrowhead
D:7:      layout_loops_ring, kennysheep_mini_moat, general_overflow_altar,
          uniq_pikel, uniq_menkaure
D:8:      layout_gridville, gammafunk_temple_overflow_claw, serial_rivers,
          chequers_serial_rivers_small_b, chequers_serial_rivers_micro_d,
          chequers_serial_rivers_micro_d, chequers_serial_rivers_room_b,
          chequers_serial_rivers_micro_b, special_room [special_room_kobold],
          uniq_joseph
D:9:      layout_long_grid, tso_metal_star, pdpol_wu_jian_five_deadly_venoms,
          serial_rivers, chequers_serial_rivers_micro_b,
          chequers_serial_rivers_large_b, chequers_serial_rivers_micro_c,
          chequers_serial_rivers_micro_a, chequers_serial_rivers_marsh,
          hangedman_glass_teeth, disabler_island, uniq_erolcha
Temple:   nicolae_temple_figure_zero

Skill      XL: |  1  2  3  4  5  6  7  8  9 10 |
---------------+-------------------------------+-----
Polearms       | 3 4 5 6 8 9 10 | 10.7
Fighting       | 3 4 5 6 7 8 |  8.2
Throwing       | 2 3 4 5 |  5.5
Armour         | 4 6 |  6.0
Dodging        | |  2.6

Action                   |  1- 3 |  4- 6 |  7- 9 | 10-12 || total
-------------------------+-------+-------+-------+-------++-------
Melee: Trident           |   136 |    54 |       |       ||   190
       Halberd           |       |    29 |    50 |       ||    79
       Glaive            |       |       |   142 |    93 ||   235
Throw: Javelin           |       |    20 |       |       ||    20
       Throwing net      |       |       |     4 |       ||     4
Invok: Recall Ancestor   |       |     1 |     6 |     1 ||     8
       Ancestor Life: Kn |       |       |     1 |       ||     1
Evoke: Wand              |       |       |       |     1 ||     1
  Use: Scroll            |       |     6 |     2 |     2 ||    10
       Potion            |       |     4 |     1 |     1 ||     6
 Stab: Sleeping          |     1 |     2 |       |     1 ||     4
       Distracted        |       |     2 |     1 |     3 ||     6
       Invisible         |       |     2 |       |       ||     2
       Held in net/web   |       |       |     4 |       ||     4
Armor: Leather armour    |    33 |    22 |    16 |       ||    71
       Skin              |       |     1 |       |       ||     1
       Ring mail         |       |       |    11 |    25 ||    36
Dodge: Dodged            |    69 |    47 |    69 |    42 ||   227
Block: Other             |       |       |    18 |    14 ||    32
